 Dungeon Crawl Stone Soup version 0.28-a0-883-gc8d7bad45d (webtiles) character file.

Game seed: 18409034793596960198

2 ytrimaz the Skirmisher (level 1, 0/18 HPs)
             Began as a Demonspawn Fighter on Nov 22, 2021.
             Slain by a kobold (4 damage)
             ... on level 1 of the Dungeon.
             The game lasted 00:00:11 (64 turns).

ytrimaz the Skirmisher (Demonspawn Fighter)           Turns: 64, Time: 00:00:12

Health: 0/18       AC:  6    Str: 16    XL:     1   Next: 25%
Magic:  1/1        EV:  9    Int:  9    God:
Gold:   0          SH:  4    Dex: 12    Spells: 0/0 levels left

rFire   . . .      SeeInvis .   a - +0 flail
rCold   . . .      Faith    .   c - +0 buckler
rNeg    . . .      Spirit   .   b - +0 scale mail
rPois   .          Reflect  .   (no helmet)
rElec   .          Harm     .   (no cloak)
rCorr   .          Rampage  .   (no gloves)
Will    .....                   (no boots)
Stlth   ..........              (no amulet)
HPRegen 0.06/turn               (no ring)
MPRegen 0.07/turn               (no ring)

@: no status effects
A: no striking features
a: no special abilities


You were on level 1 of the Dungeon.
You visited 1 branch of the dungeon, and saw 1 of its levels.

Inventory:

Hand Weapons
 a - a +0 flail (weapon)
Armour
 b - a +0 scale mail (worn)
 c - a +0 buckler (worn)
Potions
 d - a potion of might


   Skills:
 + Level 3.0 Fighting
 + Level 1.7 Maces & Flails
 + Level 2.7 Armour
 + Level 2.7 Shields


You couldn't memorise any spells.
You didn't know any spells.
Your spell library was empty.

Dungeon Overview and Level Annotations

Branches:
Dungeon (1/15)

Altars:

Shops:
D:1 :


Message History

You are too injured to fight recklessly!
You hit the kobold but do no damage.
The kobold hits you with a +0 short sword.
The kobold closely misses you. You block the quokka's attack.
You hit the kobold but do no damage. The kobold hits you but does no damage.
You block the quokka's attack. You block the kobold's attack.
The kobold barely misses you. You block the quokka's attack.
You hit the kobold but do no damage. You block the kobold's attack.
You block the quokka's attack. The kobold completely misses you.
The kobold closely misses you.
Unknown command.
The kobold closely misses you.
There is an entrance to Urphunwufun's Book Emporium here.
The quokka barely misses you.
The quokka bites you but does no damage.
The quokka barely misses you.
You closely miss the quokka.
The quokka bites you but does no damage.
You barely miss the quokka. The quokka barely misses you.
The quokka closely misses you.
You miss the quokka.
The quokka bites you but does no damage. x2
You closely miss the quokka.
The quokka bites you but does no damage.
You hit the quokka.
The quokka is severely wounded.
The quokka bites you but does no damage.
The quokka completely misses you.
You hit the quokka.
You kill the quokka!
You closely miss the kobold. The kobold closely misses you.
The kobold hits you with a +0 short sword.
* * * LOW HITPOINT WARNING * * *
You hit the kobold.
The kobold is heavily wounded.
The kobold hits you but does no damage.
You closely miss the kobold.
The kobold is heavily wounded.
The kobold hits you with a +0 short sword.
You die...

.............#
........†..).#
.........>...#
........###### .......∩#
........# ........#
........#######
.........KK@..#########
..###########.........##
.. #.#######..# #.#
####.# #.####♣.##.#
#.#..♣.♣.#.# #..
♣.♣##..# ### #..♣####
♣..♣


You could see 2 kobolds.

Vanquished Creatures
  A quokka (D:1)
  A frilled lizard (D:1)
2 creatures vanquished.

Notes
Turn   | Place    | Note
-------+----------+-------------------------------------------
     0 | D:1      | ytrimaz the Demonspawn Fighter began the quest for the Orb.
     0 | D:1      | Reached XP level 1. HP: 18/18 MP: 1/1
    26 | D:1      | Found Urphunwufun's Book Emporium.
    64 | D:1      | Slain by a kobold

Illustrated notes

Levels and vault maps discovered:
D:1:      pf_arrival_petrified_forest, layout_basic, serial_shops, shop,
          chequers_ecumenical_altar_twisty

Action                   || total
-------------------------++-------
Melee: Flail             ||    19
Armor: Scale mail        ||    13
Dodge: Dodged            ||    19
Block: Buckler           ||    14

Table legend: (Time is in decaauts)
 A = Elapsed time spent in this place.
 B = Non-inter-level travel time spent in this place.
 C = Inter-level travel time spent in this place.
 D = Time resting spent in this place.
 E = Time spent auto-exploring this place.
 F = Levels seen in this place.
 G = Mean time per level.
                   A        B        C        D        E       F      G
               +--------+--------+--------+--------+--------+-----+--------+
         Total |     70 |     70 |      0 |      0 |     31 |   1 |   70.0 |
       Dungeon |     70 |     70 |      0 |      0 |     31 |   1 |   70.0 |
               +--------+--------+--------+--------+--------+-----+--------+

Top non-repeatable levels by time:
     D:1: 70 daAuts
